 Dungeon Crawl Stone Soup version 0.18.1-48-g4cf74bf (console) character file.

220 Homage the Skirmisher (level 5, -4/48 HPs)
             Began as a Minotaur Fighter on July 3, 2016.
             Slain by tself55's ghost (13 damage)
             ... on level 3 of the Dungeon.
             The game lasted 00:09:18 (1645 turns).

Homage the Skirmisher (Minotaur Fighter)            Turns: 1645, Time: 00:09:19

Health: -4/48      AC: 10    Str: 19 (21) XL:     5   Next: 64%
Magic:  4/4        EV:  0    Int:  5      God:
Gold:   134        SH:  9    Dex:  9 (10) Spells: 0 memorised, 4 levels left

rFire  . . .     SeeInvis .     a - +1 war axe
rCold  . . .     Gourm    .     k - +0 chain mail
rNeg   . . .     Faith    .     c - +0 shield
rPois  .         Spirit   .     (helmet restricted)
rElec  .         Dismiss  .     (no cloak)
rCorr  .         Reflect  .     s - +0 pair of gloves
SustAt .         Harm     .     (no boots)
MR     .....                    e - amulet of rage
Stlth  ..........               l - ring of stealth
                                g - ring of wizardry

@: not resistant to hostile enchantments, extremely unstealthy
A: retaliatory headbutt, horns 2
a: Evoke Berserk Rage


You were on level 3 of the Dungeon.
You were full.

You visited 1 branch of the dungeon, and saw 4 of its levels.

You collected 134 gold pieces.


Innate Abilities, Weirdness & Mutations

You reflexively headbutt those who attack you in melee.
You have a pair of horns on your head.


   Skills:
 + Level 5.1 Fighting
 + Level 4.0 Axes
 + Level 4.7 Armour
 + Level 5.1 Shields


You had 4 spell levels left.
You didn't know any spells.

Inventory:

Hand Weapons
 a - a +1 war axe (weapon)
 b - a +0 hunting sling
Missiles
 h - 39 sling bullets (quivered)
 n - 14 bolts
Armour
 c - a +0 shield (worn)
 i - a fire dragon hide
 k - a +0 chain mail (worn)
 s - a +0 pair of gloves (worn)
Jewellery
 e - an amulet of rage (around neck)
 g - a ring of wizardry (left hand)
 l - a ring of stealth (right hand)
Scrolls
 j - 3 scrolls of remove curse
 r - a scroll of magic mapping
 t - a scroll of identify
Potions
 d - 2 potions of might
 p - a potion of resistance
Comestibles
 f - 4 bread rations
 m - a slice of pizza


Message History

You hit tself55's ghost.
Tself55's ghost is heavily damaged.
You block tself55's ghost's attack.
Tself55's ghost hits you but does no damage.
You are electrocuted!
Your shield and chain mail prevent you from hitting tself55's ghost.
Tself55's ghost is heavily damaged.
Tself55's ghost casts a spell at you. The flame tongue hits you!
Unknown command.
You slash tself55's ghost! Your headbutt misses tself55's ghost.
Tself55's ghost is almost destroyed.
Tself55's ghost points at you and mumbles some strange words.
The flame tongue hits you!
* * * LOW HITPOINT WARNING * * *
Tself55's ghost hits you but does no damage.
Unknown command.
Tself55's ghost hits you but does no damage.
You are electrocuted!
You die...

.. .. #.
#. ..
#.#####.#
.......#
#.W...# #
#@# # #%#
.... #.#
##.# #..
# ###


You could see tself55's ghost.

Vanquished Creatures
  A hound (D:4)
  An orc wizard (D:4)
  A worker ant (D:4)
  5 adders
  3 gnolls
  An ooze (D:2)
  3 dart slugs (D:1)
  A giant gecko (D:2)
  4 orcs (D:4)
  6 bats
  2 giant cockroaches
  5 goblins
  4 hobgoblins
  3 jackals (D:2)
  4 kobolds
  A ball python skeleton (D:4)
  5 giant newts
  4 rats
54 creatures vanquished.

Notes
Turn   | Place    | Note
--------------------------------------------------------------
     0 | D:1      | Homage the Minotaur Fighter began the quest for the Orb.
     0 | D:1      | Reached XP level 1. HP: 19/19 MP: 0/0
   263 | D:1      | Reached XP level 2. HP: 27/27 MP: 1/1
   576 | D:2      | Reached XP level 3. HP: 33/33 MP: 2/2
   675 | D:2      | Reached skill level 3 in Axes
   786 | D:2      | Reached XP level 4. HP: 36/41 MP: 3/3
  1135 | D:3      | Noticed tself55's ghost (amateur DEFE)
  1363 | D:4      | Reached XP level 5. HP: 47/47 MP: 4/4
  1644 | D:3      | HP: 9/48 [tself55's ghost/flame tongue (15)]
  1645 | D:3      | Slain by tself55's ghost

Vault maps used:
D:1:      tarquinn_simple_flora_water_e
D:3:      vehumet_crystals, minmay_misc_feat_diagonals, hangedman_glass_teeth
D:4:      first_bread, nicolae_gozag_seed_capital

Action                   |  1- 3 |  4- 6 || total
-------------------------+-------+-------++-------
Melee: War axe           |    59 |    82 ||   141
       Headbutt          |     7 |    10 ||    17
  Use: Scroll            |     4 |     3 ||     7
       Potion            |     2 |     1 ||     3
  Eat: Chunk             |       |     2 ||     2
       Meat ration       |       |     1 ||     1
Armor: Scale mail        |    17 |       ||    17
       Chain mail        |    19 |    58 ||    77
Dodge: Dodged            |    24 |    27 ||    51
Block: Shield            |    25 |    51 ||    76
